 Dungeon Crawl Stone Soup version 0.21.1-1-g345015f (webtiles) character file.

355 tidbits the Charmwright (level 6, -15/51 HPs)
             Began as a Gnoll Skald on June 18, 2018.
             Demolished by an ogre
             ... wielding a +0 giant club
              (21 damage)
             ... on level 5 of the Dungeon.
             The game lasted 00:05:56 (531 turns).

tidbits the Charmwright (Gnoll Skald)                Turns: 531, Time: 00:05:56

Health: -15/51     AC:  3    Str: 13    XL:     6   Next: 63%
Magic:  2/14       EV: 14    Int: 17    God:
Gold:   83         SH:  6    Dex: 15    Spells: 4/15 levels left

rFire    . . .     SeeInvis .   m - +0 trident
rCold    . . .     Gourm    .   D - +2 buckler {rPois}
rNeg     . . .     Faith    .   g - +0 leather armour
rPois    +         Spirit   .   (no helmet)
rElec    .         Reflect  .   (no cloak)
rCorr    .         Harm     +   (no gloves)
MR       .....                  (no boots)
Stlth    ++........             o - amulet of harm
HPRegen  0.17/turn              (no ring)
MPRegen  0.14/turn              (no ring)

@: flying
A: distributed training, fangs 1, strong nose
a: no special abilities


You were on level 5 of the Dungeon.
You were not hungry.

You visited 1 branch of the dungeon, and saw 5 of its levels.

You collected 83 gold pieces.

Inventory:

Hand Weapons
 a - a +1 dagger of venom
   (You found it on level 2 of the Dungeon)
 b - a +0 hand axe
 k - a +0 flail
 m - a +0 trident (weapon)
 n - a +0 glaive
Missiles
 l - 12 sling bullets
Armour
 g - a +0 leather armour (worn)
 q - a +0 ring mail
 D - a +2 buckler of poison resistance (worn)
   (You found it on level 4 of the Dungeon)
Jewellery
 o - an amulet of harm (around neck)
   (You found it on level 4 of the Dungeon)
Wands
 s - a wand of flame (33)
Scrolls
 f - a scroll of amnesia {unknown}
 i - a scroll of random uselessness {unknown}
 r - a scroll of immolation {unknown}
Potions
 e - a potion of might {unknown}
 h - a potion of flight
 j - a potion of curing {unknown}
 p - a potion of heal wounds {unknown}
 t - a potion of brilliance {unknown}
Books
 c - a book of Battle

   Spells                             Type                      Level
   a - Infusion                       Charms                       1
   b - Shroud of Golubria             Charms/Translocation         2
   c - Song of Slaying                Charms                       2
   d - Spectral Weapon                Hexes/Charms                 3
   e - Regeneration                   Charms/Necromancy            3
Comestibles
 d - 4 rations


   Skills:
 + Level 5.0 Fighting
 + Level 2.0 Short Blades
 + Level 2.0 Long Blades
 + Level 5.0 Axes
 + Level 2.0 Maces & Flails
 + Level 2.0 Polearms
 + Level 2.0 Staves
 + Level 2.0 Slings
 + Level 2.0 Bows
 + Level 2.0 Crossbows
 + Level 2.0 Throwing
 + Level 3.3 Armour
 + Level 5.0 Dodging
 + Level 2.0 Stealth
 + Level 2.0 Shields
 + Level 2.0 Unarmed Combat
 + Level 5.4 Spellcasting
 + Level 1.6 Conjurations
 + Level 1.6 Hexes
 + Level 5.7 Charms
 + Level 1.6 Summonings
 + Level 1.6 Necromancy
 + Level 1.6 Translocations
 + Level 1.6 Transmutations
 + Level 1.6 Fire Magic
 + Level 1.6 Ice Magic
 + Level 1.6 Air Magic
 + Level 1.6 Earth Magic
 + Level 1.6 Poison Magic
 + Level 2.2 Invocations
 + Level 2.0 Evocations


You had 4 spell levels left.
You knew the following spells:

 Your Spells              Type           Power        Failure   Level  Hunger
g - Shroud of Golubria    Chrm/Tloc      ###.......   8%          2    #......
i - Infusion              Chrm           ###.         1%          1    None
r - Regeneration          Chrm/Necr      ###.......   14%         3    ##.....
w - Spectral Weapon       Hex/Chrm       ###.....     14%         3    ##.....
y - Song of Slaying       Chrm           ###.....     3%          2    #......


Dungeon Overview and Level Annotations

Branches:
Dungeon (5/15)
 Temple: D:4-7

Altars:
Vehumet


Innate Abilities, Weirdness & Mutations

Your experience applies equally to all skills.
You have very sharp teeth.
Your uncanny sense of smell can sniff out nearby items.


Message History

You block the killer bee zombie's attack.
Okay, then.
You hit the killer bee zombie.
The killer bee zombie is moderately damaged.
Your spectral weapon barely misses the killer bee zombie.
The killer bee zombie misses you.
The killer bee zombie barely misses you.
The jackal misses you. The killer bee zombie hits you.
* * * LOW HITPOINT WARNING * * *
A jackal comes into view.
You puncture the killer bee zombie!
The killer bee zombie is severely damaged.
Your spectral weapon hits the killer bee zombie!
You destroy the killer bee zombie!
The jackal completely misses you.
Your shield prevents you from hitting the jackal.
You hear the slow rusting of a very distant drain.
Your spectral weapon hits the jackal!
You kill the jackal!
The jackal closely misses you.
The phantom blinks!
Unknown command.
You hit the jackal.
The jackal is heavily wounded.
Your spectral weapon hits the jackal from afar.
You kill the jackal!
Casting: Spectral Weapon
Confirm with . or Enter, or press ? or * to list all spells.
Your skin crawls.
Attack whom?
Press: ? - help, Dir - move target cursor, f - phantom
Aim: a phantom (moderately damaged)
You reach to attack!
You closely miss the phantom.
The phantom is moderately damaged.
Your spectral weapon hits the phantom from afar.
You barely miss the phantom. You bite the phantom, but do no damage.
The phantom is heavily damaged.
Your spectral weapon hits the phantom but does no damage.
The phantom closely misses you. You block the phantom's attack.
You closely miss the phantom.
The phantom is heavily damaged.
Your spectral weapon hits the phantom.
The phantom hits you.
You barely miss the phantom.
The phantom is heavily damaged.
Your spectral weapon fades away.
The phantom completely misses you.
You barely miss the phantom. Your bite misses the phantom.
The phantom is heavily damaged.
Your skin is crawling a little less now.
You block the phantom's attack.
You closely miss the phantom.
The phantom is heavily damaged.
The phantom hits you.
You hit the phantom.
The phantom is severely damaged.
The phantom barely misses you.
The phantom blinks!
You see here a jackal corpse.
Your skin stops crawling.
Found 9 gold pieces.
Casting: Regeneration
Confirm with . or Enter, or press ? or * to list all spells.
You draw out your weapon's spirit!
The phantom blinks!
The phantom blinks!
A centaur and an ogre come into view.
The ogre shouts!
The centaur shouts!
The ogre shouts!
You hear an angry hiss.
The centaur wields a shortbow.
The centaur shoots an arrow.
The arrow hits you!
* * * LOW HITPOINT WARNING * * *
The centaur shoots an arrow.
The arrow hits you.
* * * LOW HITPOINT WARNING * * *
The centaur shoots an arrow.
The arrow hits you!
* * * LOW HITPOINT WARNING * * *
The phantom blinks!
You see here an arrow.
Attack whom?
Press: ? - help, Dir - move target cursor, f - centaur, p - phantom
Aim: a centaur, wielding a shortbow You reach to attack!
You hit the centaur.
The centaur is lightly wounded.
You block the ogre's attack.
You hit the ogre.
The ogre is lightly wounded.
Your spectral weapon hits the ogre.
The centaur shoots an arrow.
The arrow hits your spectral weapon but does no damage.
The centaur shoots an arrow.
The arrow barely misses your spectral weapon.
You block the arrow.
You barely miss the ogre.
The ogre is moderately wounded.
Your spectral weapon hits the ogre!
The ogre hits your spectral weapon with a giant club.
Your spectral weapon shares its damage with you!
* * * LOW HITPOINT WARNING * * *
The centaur shoots an arrow.
The arrow hits your spectral weapon!
Your spectral weapon shares its damage with you!
Your spectral weapon fades away.
* * * LOW HITPOINT WARNING * * *
The centaur shoots an arrow.
You block the arrow.
You hit the ogre.
The ogre is heavily wounded.
The ogre hits you with a giant club!!
You die...

............. ......
.#..#. ..#...##...#.##
.......#...#..## ###
#......##..## #.#
##†....##...###.####
##..Z....#..##.....
#..#.##...........
#@.#.##.##..#....(
#....OO.#..#.###.......
.......c..#.#..##.#.....
....W.....(.............
............#....#......
............#...........
............#..#._.#....
##......................
#?..#.####....#......


You could see a phantom, 2 ogres, a centaur and a water moccasin zombie.

Vanquished Creatures
  Blork the orc (D:4)
  A scorpion (D:5)
  A hound (D:4)
  A bullfrog zombie (D:5)
  A jelly (D:5)
  3 orc wizards
  A killer bee zombie (D:5)
  2 adders
  5 orcs
  A goblin (D:2)
  A hobgoblin (D:2)
  2 jackals (D:5)
  2 quokkas
  2 bats (D:3)
  A frilled lizard (D:5)
  A kobold (D:5)
  A rat (D:3)
27 creatures vanquished.

Vanquished Creatures (others)
  A spectral weapon (D:5)
1 creature vanquished.

Grand Total: 28 creatures vanquished

Notes
Turn   | Place    | Note
-------+----------+-------------------------------------------
     0 | D:1      | tidbits the Gnoll Skald began the quest for the Orb.
     0 | D:1      | Reached XP level 1. HP: 20/20 MP: 6/6
    96 | D:2      | Reached XP level 2. HP: 25/26 MP: 2/7
   147 | D:3      | Reached skill level 5 in Spellcasting
   147 | D:3      | Reached skill level 1 in Invocations
   147 | D:3      | Reached XP level 3. HP: 25/31 MP: 2/9
   151 | D:3      | Learned a level 2 spell: Song of Slaying
   154 | D:3      | Learned a level 2 spell: Shroud of Golubria
   158 | D:3      | Learned a level 3 spell: Regeneration
   162 | D:3      | Learned a level 3 spell: Spectral Weapon
   212 | D:3      | Reached skill level 1 in Short Blades
   212 | D:3      | Reached skill level 1 in Long Blades
   212 | D:3      | Reached skill level 1 in Maces & Flails
   212 | D:3      | Reached skill level 1 in Polearms
   212 | D:3      | Reached skill level 1 in Staves
   212 | D:3      | Reached skill level 1 in Slings
   212 | D:3      | Reached skill level 1 in Bows
   212 | D:3      | Reached skill level 1 in Crossbows
   212 | D:3      | Reached skill level 1 in Throwing
   212 | D:3      | Reached skill level 1 in Stealth
   212 | D:3      | Reached skill level 1 in Shields
   212 | D:3      | Reached skill level 1 in Unarmed Combat
   212 | D:3      | Reached skill level 1 in Evocations
   212 | D:3      | Reached XP level 4. HP: 17/38 MP: 6/11
   279 | D:4      | Reached skill level 1 in Conjurations
   279 | D:4      | Reached skill level 1 in Hexes
   279 | D:4      | Reached skill level 1 in Summonings
   279 | D:4      | Reached skill level 1 in Necromancy
   279 | D:4      | Reached skill level 1 in Translocations
   279 | D:4      | Reached skill level 1 in Transmutations
   279 | D:4      | Reached skill level 1 in Fire Magic
   279 | D:4      | Reached skill level 1 in Ice Magic
   279 | D:4      | Reached skill level 1 in Air Magic
   279 | D:4      | Reached skill level 1 in Earth Magic
   279 | D:4      | Reached skill level 1 in Poison Magic
   366 | D:4      | Noticed Blork the orc
   382 | D:4      | Killed Blork the orc
   382 | D:4      | Reached skill level 3 in Armour
   382 | D:4      | Reached XP level 5. HP: 43/43 MP: 8/12
   408 | D:5      | Entered Level 5 of the Dungeon
   410 | D:5      | Found a radiant altar of Vehumet.
   425 | D:5      | Reached skill level 2 in Invocations
   425 | D:5      | Reached XP level 6. HP: 12/50 MP: 10/13
   427 | D:5      | HP: 4/50 [acid (6)]
   454 | D:5      | Noticed a phantom
   492 | D:5      | Reached skill level 5 in Fighting
   492 | D:5      | Reached skill level 5 in Axes
   492 | D:5      | Reached skill level 5 in Dodging
   501 | D:5      | Reached skill level 2 in Short Blades
   501 | D:5      | Reached skill level 2 in Long Blades
   501 | D:5      | Reached skill level 2 in Maces & Flails
   501 | D:5      | Reached skill level 2 in Polearms
   501 | D:5      | Reached skill level 2 in Staves
   501 | D:5      | Reached skill level 2 in Slings
   501 | D:5      | Reached skill level 2 in Bows
   501 | D:5      | Reached skill level 2 in Crossbows
   501 | D:5      | Reached skill level 2 in Throwing
   501 | D:5      | Reached skill level 2 in Stealth
   501 | D:5      | Reached skill level 2 in Shields
   501 | D:5      | Reached skill level 2 in Unarmed Combat
   501 | D:5      | Reached skill level 2 in Evocations
   530 | D:5      | HP: 5/51 [centaur/shortbow (6)]
   531 | D:5      | Demolished by an ogre

Skill      XL: |  1  2  3  4  5  6 |
---------------+-------------------+-----
Spellcasting   | 5 |  5.4
Invocations    | 1 2 |  2.2
Short Blades   | 1 2 |  2.0
Long Blades    | 1 2 |  2.0
Maces & Flails | 1 2 |  2.0
Polearms       | 1 2 |  2.0
Staves         | 1 2 |  2.0
Slings         | 1 2 |  2.0
Bows           | 1 2 |  2.0
Crossbows      | 1 2 |  2.0
Throwing       | 1 2 |  2.0
Stealth        | 1 2 |  2.0
Shields        | 1 2 |  2.0
Unarmed Combat | 1 2 |  2.0
Evocations     | 1 2 |  2.0
Conjurations   | 1 |  1.6
Hexes          | 1 |  1.6
Summonings     | 1 |  1.6
Necromancy     | 1 |  1.6
Translocations | 1 |  1.6
Transmutations | 1 |  1.6
Fire Magic     | 1 |  1.6
Ice Magic      | 1 |  1.6
Air Magic      | 1 |  1.6
Earth Magic    | 1 |  1.6
Poison Magic   | 1 |  1.6
Armour         | 3 |  3.3
Fighting       | 5 |  5.0
Axes           | 5 |  5.0
Dodging        | 5 |  5.0
Charms         | |  5.7

Action                   |  1- 3 |  4- 6 || total
-------------------------+-------+-------++-------
Melee: Hand axe          |     6 |    13 ||    19
       Dagger            |    17 |    37 ||    54
       Bite              |     4 |     7 ||    11
       Trident           |       |    24 ||    24
 Cast: Infusion          |     4 |       ||     4
       Regeneration      |       |     6 ||     6
       Spectral Weapon   |       |     7 ||     7
       Shroud of Golubri |       |     1 ||     1
  Use: Potion            |       |     1 ||     1
 Stab: Distracted        |       |     2 ||     2
       Sleeping          |       |     1 ||     1
Armor: Leather armour    |     3 |     8 ||    11
Dodge: Dodged            |    13 |    49 ||    62
Block: Buckler           |       |    18 ||    18

Table legend:
 A = Turns spent in this place as a percentage of turns spent in the entire game.
 B = Non-inter-level travel turns spent in this place as a percentage of non-inter-level travel turns spent in the entire game.
 C = Inter-level travel turns spent in this place as a percentage of turns spent in this place.
 D = Turns resting spent in this place as a percentage of non-inter-level travel turns spent in this place.
 E = Turns spent auto-exploring this place as a percentage of non-inter-level travel turns spent in this place.
 F = Non-inter-level travel turns spent in this place divided by the number of levels of this place that you've seen.
                   A       B       C       D       E      F
               +-------+-------+-------+-------+-------+----------------------
         Total | 100.0 | 100.0 |   0.0 |   0.0 |   0.0 | 106.2
       Dungeon | 100.0 | 100.0 |   0.0 |   0.0 |   0.0 | 106.2
               +-------+-------+-------+-------+-------+----------------------

Table legend:
 A = Kills in this place as a percentage of kills in entire the game.
 B = Kills by you in this place as a percentage of kills by you in the entire game.
 C = Kills by friends in this place as a percentage of kills by friends in the entire game.
 D = Other kills in this place as a percentage of other kills in the entire game.
 E = Experience gained in this place as a percentage of experience gained in the entire game.
 F = Experience gained in this place divided by the number of levels of this place that you have seen.
                   A       B       C       D       E      F
               +-------+-------+-------+-------+-------+----------------------
         Total | 100.0 | 100.0 |   N/A |   N/A | 100.0 | 101.6
       Dungeon | 100.0 | 100.0 |   N/A |   N/A | 100.0 | 101.6
               +-------+-------+-------+-------+-------+----------------------

Vault maps used:
D:1:      dpeg_arrival_orchard
D:2:      nicolae_overflow_crystal_walls
D:3:      grunt_temple_overflow_order_and_chaos_1, lemuel_round_altar,
          tso_altar, lemuel_crystal_altar, roderic_roman_lattice
D:4:      kennysheep_little_box, uniq_blork_the_orc, uniq_grinder
D:5:      gammafunk_temple_overflow_arena, temple_green, first_ration,
          portal_sewer_entry_b, vehumet_altar_wand_db, uniq_crazy_yiuf_cottage,
          uniq_prince_ribbit1
